 Dungeon Crawl Stone Soup version 0.17.1-2-g5865329 (webtiles) character file.

126 Goblin1989 the Sneak (level 5, -3/26 HPs)
             Began as a Vine Stalker Assassin on Feb 7, 2016.
             Slain by a scorpion (7 damage)
             ... on level 4 of the Dungeon.
             The game lasted 00:13:36 (1607 turns).

Goblin1989 the Sneak (Vine Stalker Assassin)        Turns: 1607, Time: 00:13:36

Health: -3/26      AC:  4    Str: 14    XL:     5   Next: 10%
Magic:  0/6        EV: 11    Int: 11    God:
Gold:   94         SH:  0    Dex: 16    Spells: 0 memorised, 4 levels left

rFire  . . .     SeeInvis .     a - +2 dagger
rCold  . . .     Clarity  .     c - +0 robe
rNeg   . . .     SustAt   .     (no shield)
rPois  .         Gourm    .     A - +1 hat
rElec  .         Spirit   +     d - +0 cloak
rCorr  .         Warding  .     (no gloves)
rMut   .         Stasis   .     (no boots)
MR     .....                    (no amulet)
Stlth  +++.......               (no ring)
                                (no ring)

@: very slightly contaminated, hasted, very quick, not resistant to hostile
enchantments, fairly stealthy
A: fangs 2, regeneration 1, magic shield, antimagic bite, no device heal 3, rot
immunity
a: no special abilities


You were on level 4 of the Dungeon.
You were not hungry.

You visited 1 branch of the dungeon, and saw 4 of its levels.

You collected 94 gold pieces.

Inventory:

Hand Weapons
 a - a +2 dagger (weapon)
 b - a +0 blowgun
 l - a +0 short sword of venom
Missiles
 e - 8 poisoned needles
 f - 2 curare-tipped needles
 B - 3 tomahawks (quivered)
Armour
 c - a +0 robe (worn)
 d - a +0 cloak (worn)
 A - a +1 hat (worn)
Scrolls
 k - 2 scrolls of recharging {unknown}
 q - 2 scrolls of blinking {unknown}
 t - a scroll of noise {unknown}
 u - 3 scrolls of enchant weapon {unknown}
 w - 4 scrolls of fear {unknown}
 y - a scroll of amnesia {unknown}
 z - a scroll of teleportation {unknown}
 C - 2 scrolls of identify {unknown}
 E - a scroll of random uselessness {unknown}
 F - 2 scrolls of remove curse {unknown}
 H - a scroll of fog {unknown}
Potions
 i - a potion of agility {unknown}
 j - a potion of degeneration {unknown}
 m - a potion of curing
 n - 2 potions of lignification {unknown}
 o - 2 potions of brilliance {unknown}
 p - 2 potions of magic {unknown}
 r - a potion of heal wounds {unknown}
 s - 2 potions of poison {unknown}
 v - a potion of invisibility {unknown}
 G - 2 potions of haste
Comestibles
 g - 2 bread rations
 h - a beef jerky
 x - 5 fruits
 D - 3 chunks of flesh


   Skills:
 - Level 1.7 Fighting
 * Level 3.8 Short Blades
 - Level 1.7 Throwing
 - Level 0.7 Dodging
 + Level 6.1 Stealth


You had 4 spell levels left.
You didn't know any spells.

Dungeon Overview and Level Annotations

Branches:
Dungeon (4/15)
 Temple: D:4-7

Altars:
Cheibriados
Elyvilon
Qazlal
Vehumet


Innate Abilities, Weirdness & Mutations

You have extremely sharp teeth.
Your natural rate of healing is unusually fast.
When hurt, damage is shared between your health and your magic reserves.
Your bite disrupts and absorbs the magic of your enemies.
Potions and wands cannot restore your health.
You are immune to rotting.


Message History

The scorpion stings you.
You hit the scorpion.
You bite the scorpion, but do no damage.
The scorpion is severely wounded.
The scorpion stings you.
You are lethally poisoned!
The scorpion poisons you!
* * * LOW HITPOINT WARNING * * *
You feel sick.
Drink which item? (? for menu, Esc to quit)
It was a potion of haste.
You feel yourself speed up.
* * * LOW HITPOINT WARNING * * *
You feel sick. The scorpion stings you.
* * * LOW HITPOINT WARNING * * *
You are very lightly contaminated with residual magic.
Drink which item? (? for menu, Esc to quit)
Okay, then.
Drink which item? (? for menu, Esc to quit)
It was a potion of curing.
You feel better. The scorpion stings you!
You die...

#.#...#.##..
#######.##.##.##.#
#(..............[#
#.#####.##.##.####
#.# #.##.# # #.#
#..... #.# ####.##
#[# #.# #@# #.#
#s# #.. #[#
#.....h..
##..##### ..# ...
..## ..#


You could see a scorpion.

Vanquished Creatures
  Ijyb (D:3)
  3 adders
  A gnoll (D:2)
  2 worms (D:3)
  5 giant geckos
  2 giant cockroaches
  5 goblins
  4 hobgoblins
  8 jackals
  3 quokkas
  A ball python (D:2)
  7 bats
  A giant newt (D:1)
  7 kobolds
  A rat (D:1)
51 creatures vanquished.

Notes
Turn   | Place    | Note
--------------------------------------------------------------
     0 | D:1      | Goblin1989 the Vine Stalker Assassin began the quest for the Orb.
     0 | D:1      | Reached XP level 1. HP: 11/11 MP: 2/2
    73 | D:1      | Reached skill level 5 in Stealth
   192 | D:1      | Reached XP level 2. HP: 5/15 MP: 1/3
   315 | D:2      | Found a radiant altar of Vehumet.
   315 | D:2      | Found a snail-covered altar of Cheibriados.
   316 | D:2      | Found a white marble altar of Elyvilon.
   413 | D:2      | Reached XP level 3. HP: 1/18 MP: 4/4
   593 | D:2      | Found a faded altar to an unknown god.
   987 | D:3      | Reached XP level 4. HP: 23/23 MP: 5/5
  1291 | D:3      | Noticed Ijyb
  1299 | D:3      | Killed Ijyb
  1299 | D:3      | Reached skill level 6 in Stealth
  1441 | D:3      | Reached XP level 5. HP: 26/26 MP: 6/6
  1496 | D:2      | Found a stormy altar of Qazlal.
  1607 | D:4      | Slain by a scorpion

Action                   |  1- 3 |  4- 6 || total
-------------------------+-------+-------++-------
Melee: Dagger            |   107 |    47 ||   154
  Use: Potion            |       |     2 ||     2
 Stab: Sleeping          |    10 |     7 ||    17
  Eat: Chunk             |       |     2 ||     2
